 Dungeon Crawl Stone Soup version 0.23.2-33-g5129a83184 (webtiles) character file.

Game seed: 11132420614215836665

88 BorisKarlOrff the Sneak (level 4, -8/30 HPs)
             Began as an Octopode Assassin on June 29, 2019.
             Mangled by a gnoll
             ... wielding a +0 halberd
              (9 damage)
             ... on level 3 of the Dungeon.
             The game lasted 00:03:50 (1594 turns).

BorisKarlOrff the Sneak (Octopode Assassin)         Turns: 1594, Time: 00:03:52

Health: -8/30      AC:  1    Str: 10    XL:     4   Next: 54%
Magic:  4/4        EV: 13    Int: 13    God:
Gold:   181        SH:  0    Dex: 14    Spells: 3/3 levels left

rFire    + . .     SeeInvis .   a - +2 dagger
rCold    . . .     Gourm    .   (no shield)
rNeg     . . .     Faith    .   (helmet restricted)
rPois    .         Spirit   .   (no amulet)
rElec    .         Reflect  .   h - ring of protection from fire
rCorr    .         Harm     .   (no ring)
MR       .....                  (no ring)
Stlth    +++++.....             (no ring)
HPRegen  0.10/turn              (no ring)
MPRegen  0.09/turn              (no ring)
                                (no ring)
                                (no ring)

@: no status effects
A: almost no armour, stealthy swim, amphibious, 8 rings, constrict 8, camouflage
1, gelatinous body 1
a: no special abilities


You were on level 3 of the Dungeon.
You were not hungry.

You visited 1 branch of the dungeon, and saw 3 of its levels.

You collected 181 gold pieces.

Inventory:

Hand Weapons
 a - a +2 dagger (weapon)
 b - a +0 blowgun
Missiles
 c - 24 poisoned needles
 d - 5 curare-tipped needles
Jewellery
 h - a ring of protection from fire (left tentacle)
Scrolls
 e - a scroll of magic mapping {unknown}
 g - 4 scrolls of remove curse {unknown}
 j - 6 scrolls of identify {unknown}
 k - 2 scrolls of enchant armour {unknown}
Potions
 i - a potion of lignification
Comestibles
 f - 8 rations


   Skills:
 + Level 2.3 Fighting
 + Level 2.4 Short Blades
 + Level 2.1 Throwing
 + Level 1.1 Dodging
 + Level 7.3 Stealth


You had 3 spell levels left.
You didn't know any spells.
Your spell library was empty.

Dungeon Overview and Level Annotations

Branches:
Dungeon (3/15)

Altars:
Qazlal
Zin


Innate Abilities, Weirdness & Mutations

You cannot wear most types of armour.
You are very stealthy in the water. (Stealth+)
You are amphibious.
You can wear up to eight rings at the same time.
You can use your tentacles to constrict eight enemies at once.
Your skin changes colour to match your surroundings (Stealth+).
Your rubbery body absorbs attacks. (AC +1, EV +1)


Message History

Aim: a gnoll, wielding a +0 halberd (lightly wounded)
You shoot a poisoned needle. The poisoned needle hits the gnoll.
The gnoll is poisoned.
The gnoll is lightly wounded.
Firing (i - inventory. (/) - cycle)
c - 25 poisoned needles (quivered)
Press: ? - help, Shift-Dir - straight line, f/p - gnoll
Aim: a gnoll, wielding a +0 halberd (lightly wounded, poisoned)
You shoot a poisoned needle. The poisoned needle hits the gnoll.
The gnoll looks even sicker.
The gnoll is lightly wounded.
The gnoll completely misses you.
a - a +2 dagger (weapon)
The gnoll barely misses you.
The gnoll shouts!
You hit the gnoll. Your grab misses the gnoll.
The gnoll is severely wounded.
The gnoll hits you with a +0 halberd!
* * * LOW HITPOINT WARNING * * *
The gnoll hits you from afar with a +0 halberd!
You die...

#....[....# #....#.##.##
##### #....._....###...# #
#....#.#....##...# ###
#.......##...#...#####..
#.......###.............
#.........#.##....####.#
#######.#...##.......#.#
#.##@#...##...###...#
#.##gg.......... #...
#..g....#.#....#...#.
#g###..........###.##
######...#.#......#..##.##
#.....##.g..#...........|.
#.....####..#.............
#.....# ##...........>...
#.....# #...(...........


You could see 3 gnolls.

Vanquished Creatures
  2 worker ants
  An ooze (D:1)
  2 dart slugs (D:1)
  A leopard gecko (D:3)
  4 bats
  4 giant cockroaches
  3 goblins
  2 hobgoblins (D:2)
  2 quokkas (D:3)
  3 frilled lizards (D:1)
  5 kobolds
  4 rats
33 creatures vanquished.

Notes
Turn   | Place    | Note
-------+----------+-------------------------------------------
     0 | D:1      | BorisKarlOrff the Octopode Assassin began the quest for the
                  | Orb.
     0 | D:1      | Reached XP level 1. HP: 14/14 MP: 1/1
    64 | D:1      | Reached skill level 6 in Stealth
    64 | D:1      | Reached XP level 2. HP: 18/19 MP: 2/2
   455 | D:1      | Reached XP level 3. HP: 24/24 MP: 3/3
   731 | D:2      | Noticed a water elemental
   732 | D:2      | Found a stormy altar of Qazlal.
   736 | D:2      | Noticed an air elemental
   736 | D:2      | Noticed a fire elemental
   736 | D:2      | Noticed an earth elemental
   912 | D:2      | Reached skill level 7 in Stealth
  1398 | D:3      | Reached XP level 4. HP: 26/29 MP: 4/4
  1539 | D:3      | Found a glowing silver altar of Zin.
  1594 | D:3      | HP: 1/30 [gnoll/+0 halberd (9)]
  1594 | D:3      | Mangled by a gnoll

Skill      XL: |  1  2  3 |
---------------+----------+-----
Stealth        | 6 7 |  7.3
Fighting       | |  2.3
Short Blades   | |  2.4
Throwing       | |  2.1
Dodging        | |  1.1

Action                   |  1- 3 |  4- 6 || total
-------------------------+-------+-------++-------
Melee: Dagger            |    35 |    20 ||    55
       Constrict         |     8 |     8 ||    16
       Tentacles         |     4 |     4 ||     8
 Fire: Blowgun           |     1 |     4 ||     5
  Use: Potion            |       |     3 ||     3
 Stab: Sleeping          |    12 |     1 ||    13
  Eat: Ration            |     1 |       ||     1
Armor: Skin              |     5 |       ||     5
Dodge: Dodged            |    17 |    22 ||    39
